 Dungeon Crawl Stone Soup version 0.30.0-17-ge0270778cf (webtiles) character file.

Game seed: 14058701946256655250

401 testman the Trooper (level 6, 0/68 HPs)
             Began as an Ogre Berserker on May 22, 2023.
             Was a Believer of Trog.
             Slain by a scorpion (6 damage)
             ... on level 5 of the Dungeon.
             The game lasted 00:09:09 (3472 turns).

testman the Trooper (Ogre Berserker)                Turns: 3472, Time: 00:09:09

Health: 0/68       AC:  3    Str: 24    XL:     6   Next: 85%
Magic:  6/6        EV: 10    Int: 14    God:    Trog [**....]
Gold:   174        SH:  0    Dex:  8    Spells: 5/5 levels left

rFire   . . .        r - +0 flail
rCold   . . .        (no shield)
rNeg    . . .        b - +0 animal skin
rPois   .            (helmet restricted)
rElec   .            (no cloak)
rCorr   .            (gloves unavailable)
SInv    .            (boots unavailable)
Will    .....        f - amulet of the acrobat
Stlth   +            i - ring of flight
HPRegen 0.31/turn    D - +6 ring of intelligence
MPRegen 0.10/turn

%: acrobat
@: lethally poisoned (0 -> -7), on berserk cooldown, flying, slowed, very slow
A: large, unfitting armour, tough skin 1
a: Renounce Religion, Berserk, Trog's Hand


You were on level 5 of the Dungeon.
You worshipped Trog.
Trog was pleased with you.
You visited 1 branch of the dungeon, and saw 5 of its levels.

You collected 174 gold pieces.

Inventory:

Hand Weapons
 a - a +0 mace
 r - a +0 flail (weapon)
Missiles
 m - 5 boomerangs (quivered)
 q - 6 curare-tipped darts
Armour
 b - a +0 animal skin (worn)
Jewellery
 f - an amulet of the acrobat (around neck)
 i - a ring of flight (left hand)
 D - a +6 ring of intelligence (right hand)
Wands
 u - a wand of digging (9)
 y - a wand of mindburst (14)
 B - a wand of roots (7)
Scrolls
 c - 8 scrolls of identify
 g - a scroll of poison {unknown}
 h - a scroll of fog {unknown}
 j - 2 scrolls of immolation {unknown}
 k - 2 scrolls of blinking
 l - 6 scrolls of magic mapping {unknown}
 n - a scroll of enchant weapon {unknown}
 t - a scroll of vulnerability {unknown}
 v - 6 scrolls of teleportation {unknown}
 A - a scroll of enchant armour {unknown}
Potions
 d - 6 potions of curing
 e - 4 potions of attraction {unknown}
 o - a potion of brilliance {unknown}
 p - 2 potions of flight {unknown}
 s - a potion of cancellation {unknown}
 w - a potion of resistance {unknown}
 x - a potion of degeneration {unknown}
 z - a potion of berserk rage {unknown}
 C - a potion of heal wounds {unknown}


   Skills:
 + Level 6.5 Fighting
 + Level 4.4 Maces & Flails
 + Level 4.4 Dodging


You had 5 spell levels left.
You didn't know any spells.
Your spell library contained the following spells:

 Spells                   Type           Power      Damage    Failure   Level
 Necrotise                Necr           0%         1d4       28%         1
 Lesser Beckoning         Tloc           0%         N/A       41%         2
 Gell's Gravitas          Tloc           0%         N/A       65%         3
 Teleport Other           Tloc           0%         N/A       65%         3
 Vampiric Draining        Necr           0%         2d6       65%         3
 Borgnjor's Revivificati  Necr           0%         N/A       100%        8


Dungeon Overview and Level Annotations

Branches:
Dungeon (5/15)
 Temple: D:4-7

Altars:
Sif Muna

Shops:
D:4 *


Innate Abilities, Weirdness & Mutations

You are too large for most types of armour.
You have tough skin. (AC +1)


Message History

You are exhausted.
You feel as though you will be slow longer.
You feel very sick. The scorpion stings you.
You are more poisoned.
The scorpion poisons you! The scorpion barely misses you.
The wraith closely misses you.
You closely miss the wraith.
The wraith is almost destroyed.
You feel the effects of Trog's Hand fading.
You feel very sick. The wraith barely misses you.
The scorpion stings you but does no damage.
The wraith closely misses you.
You hit the wraith.
You destroy the wraith!
Trog accepts your kill.
You feel very sick.
The scorpion stings you but does no damage.
The scorpion stings you.
* * * LOW HITPOINT WARNING * * *
You are more poisoned.
The scorpion poisons you! The scorpion stings you.
* * * LOW HITPOINT WARNING * * *
The scorpion completely misses you.
It was a potion of curing.
You feel better. The scorpion stings you.
* * * LOW HITPOINT WARNING * * *
You are poisoned.
The scorpion poisons you! The scorpion closely misses you. x3
As you read the scroll labelled MUABLU QULO, it crumbles to dust.
It is a scroll of identify.
k - 2 scrolls of blinking Your skin stops crawling.
You feel less strong-willed.
You feel very sick. The scorpion stings you!
* * * LOW HITPOINT WARNING * * *
The scorpion stings you.
* * * LOW HITPOINT WARNING * * *
The scorpion stings you.
You die...

................######
.............#####
............##
...........##
...........#
...........#
..........##
#.........# ##...s@.##
###.s.## #...# #...##
#... .... #...# ....


You could see 2 scorpions.

Vanquished Creatures
  A wraith (D:5)
  A phantom (D:5)
  An orc wizard (D:4)
  A gnoll (D:1)
  7 adders
  3 worms
  2 dart slugs
  4 orcs
  7 ball pythons
  4 bats
  4 endoplasms
  2 giant cockroaches
  4 goblins
  8 hobgoblins
  5 jackals
  3 kobolds
  4 quokkas
  4 frilled lizards
  4 rats
69 creatures vanquished.

Notes
Turn   | Place    | Note
-------+----------+-------------------------------------------
     0 | D:1      | testman the Ogre Berserker began the quest for the Orb.
     0 | D:1      | Reached XP level 1. HP: 24/24 MP: 1/1
   167 | D:1      | Reached XP level 2. HP: 24/32 MP: 2/2
   357 | D:1      | You fall into a shaft and drop 1 floor!
   405 | D:2      | Found a faded altar of an unknown god.
   410 | D:2      | Reached XP level 3. HP: 34/40 MP: 3/3
   865 | D:2      | Reached ** piety under Trog
  1126 | D:1      | Reached XP level 4. HP: 49/49 MP: 4/4
  1295 | D:1      | Reached skill level 5 in Fighting
  2333 | D:4      | Found Icoips's Assorted Antiques.
  2391 | D:4      | Reached XP level 5. HP: 55/57 MP: 5/5
  2673 | D:4      | Found a shimmering blue altar of Sif Muna.
  3371 | D:5      | Entered Level 5 of the Dungeon
  3373 | D:5      | Got Xoogyla's Handbook of the Undead
  3385 | D:5      | Noticed a phantom
  3396 | D:5      | Killed a phantom
  3397 | D:5      | Reached skill level 6 in Fighting
  3397 | D:5      | Reached XP level 6. HP: 67/67 MP: 6/6
  3454 | D:5      | Noticed a wraith
  3470 | D:5      | Killed a wraith
  3472 | D:5      | Slain by a scorpion

Illustrated notes

Levels and vault maps discovered:
D:1:      evilmike_arrival_rings, layout_loops_ring, minivault_23
D:2:      layout_basic, ebering_ecumenical_altar_webs, nrook_mini_vaults,
          nicolae_wormholes
D:3:      layout_basic
D:4:      layout_cave_pools, nicolae_overflow_hidden_temple, serial_shops,
          nicolae_stop_n_shop_1, st_stairs_12, kennysheep_potato
D:5:      layout_cave_pods

Skill      XL: |  1  2  3  4  5 |
---------------+----------------+-----
Maces & Flails | 3 4 |  4.4
Dodging        | 3 4 |  4.4
Fighting       | 5 6 |  6.5

Action                     |  1- 3 |  4- 6 || total
---------------------------+-------+-------++-------
  Melee: Mace              |    83 |    56 ||   139
         Flail             |       |   123 ||   123
         Punch             |       |     3 ||     3
 Invoke: Berserk           |       |     4 ||     4
         Trog's Hand       |       |     3 ||     3
    Use: Scroll            |       |     1 ||     1
         Potion            |       |     1 ||     1
 Armour: Animal skin       |    28 |    56 ||    84
  Dodge: Dodged            |    50 |   125 ||   175
